 Dungeon Crawl Stone Soup version 0.29-a0-1043-g569b05d6ff (webtiles) character file.

Game seed: 2024006909822419011

24214 Ijustatesigmund the Thaumaturge (level 12, -40/67 HPs)
             Began as a Deep Elf Earth Elementalist on Aug 16, 2022.
             Was an Elder of Cheibriados.
             Killed from afar by a frost giant (46 damage)
             ... with a bolt of cold
             ... in an ice cave.
             The game lasted 00:57:07 (20087 turns).

Ijustatesigmund the Thaumaturge (DEEE)             Turns: 20087, Time: 00:57:08

Health: -40/67     AC: 16    Str: 15    XL:     12   Next: 78%
Magic:  25/31      EV: 16    Int: 36    God:    Cheibriados [****..]
Gold:   543        SH: 12    Dex: 31    Spells: 18/38 levels left

rFire   . . .      SeeInvis .   e - +0 short sword (protect)
rCold   . . .      Faith    .   D - +0 buckler
rNeg    . . .      Spirit   .   h - +0 troll leather armour
rPois   .          Reflect  +   (no helmet)
rElec   .          Harm     .   r - +1 cloak
rCorr   .          Rampage  .   G - +2 pair of gloves
Will    +....                   k - +2 pair of boots
Stlth   ++++......              c - amulet of reflection
HPRegen 1.01/turn               f - +6 ring of dexterity
MPRegen 0.22/turn               L - +4 ring of protection

@: very slow
A: no striking features
a: Renounce Religion, Bend Time, Temporal Distortion, Slouch


You were in an ice cave.
You worshipped Cheibriados.
Cheibriados was greatly pleased with you.
You visited 3 branches of the dungeon, and saw 14 of its levels.
You also visited: Sewer and Ice Cave.

You collected 780 gold pieces.
You spent 237 gold pieces at shops.

Inventory:

Hand Weapons
 e - a +0 short sword of protection (weapon)
 i - the +10 dagger of Victory {antimagic, Dex+3}
   (You bought it in a shop on level 2 of the Dungeon)

   It reduces the magical energy of the wielder, and disrupts the spells and
   magical abilities of those it strikes.
   Natural abilities and divine invocations are not affected.
   Dex:       It affects your dexterity (+3).
 s - a +3 dagger
 x - a +1 rapier
 z - a +2 scimitar of flaming
 K - the +1 rapier of Chance {freeze, *Rage rPois rC+ Str+2}
   (You found it on level 10 of the Dungeon)

   It freezes those it strikes, dealing additional cold damage.
   It can also slow down cold-blooded creatures.
   Str:       It affects your strength (+2).
   rC:        It protects you from cold.
   rPois:     It protects you from poison.
   *Rage:     It berserks you when you make melee attacks (+20% chance).
Missiles
 u - a throwing net
Armour
 a - a +2 robe of willpower
 h - a +0 troll leather armour (worn)
 k - a +2 pair of boots (worn)
 n - a +0 pair of gloves
 r - a +1 cloak (worn)
 D - a +0 buckler (worn)
 E - +0 acid dragon scales
 G - a +2 pair of gloves (worn)
Jewellery
 c - an amulet of reflection (around neck)
 f - a +6 ring of dexterity (left hand)
 y - a ring of fire
 F - a ring of resist corrosion
 L - a +4 ring of protection (right hand)
Wands
 A - a wand of charming (14)
Scrolls
 b - a scroll of fog
 j - 7 scrolls of identify
 v - a scroll of magic mapping
 B - a scroll of enchant weapon
Potions
 d - 3 potions of mutation
 g - 6 potions of haste
 m - 4 potions of might
 q - 6 potions of curing
 t - a potion of flight
 w - 3 potions of brilliance
 I - a potion of berserk rage {unknown}
Miscellaneous
 M - a phantom mirror (inert)


   Skills:
 - Level 4.4 Fighting
 + Level 3.2 Short Blades
 - Level 2.5 Armour
 - Level 4.8 Dodging
 + Level 6.9 Stealth
 - Level 2.5 Shields
 + Level 13.8 Spellcasting
 - Level 8.2 Conjurations
 + Level 4.7 Necromancy
 - Level 3.1 Translocations
 + Level 5.7 Transmutations
 - Level 7.8 Earth Magic
 - Level 6.7 Poison Magic
 + Level 9.6 Invocations


You had 18 spell levels left.
You knew the following spells:

 Your Spells              Type           Power      Damage    Failure   Level
a - Sandblast             Erth           100%       2d20      1%          1
b - Stone Arrow           Conj/Erth      100%       3d13      1%          3
c - Passwall              Tmut/Erth      54%        N/A       1%          2
d - Apportation           Tloc           94%        N/A       1%          1
e - Olgreb's Toxic Radia  Pois           65%        N/A       1%          4
f - Petrify               Tmut/Erth      65%        N/A       1%          4
g - Borgnjor's Vile Clut  Necr/Erth      31%        N/A       5%          5

Your spell library contained the following spells:

 Spells                   Type           Power      Damage    Failure   Level
 Magic Dart               Conj           100%       1d8       1%          1
 Searing Ray              Conj           100%       2d8       1%          2
 Sublimation of Blood     Necr           56%        N/A       1%          2
 Wereblood                Tmut           60%        N/A       1%          2
 Ensorcelled Hibernation  Hex/Ice        48%        N/A       3%          2
 Animate Armour           Summ/Erth      100%       N/A       4%          4
 Fulminant Prism          Conj/Hex       26%        3d14      4%          4
 Alistair's Intoxication  Tmut/Pois      42%        N/A       5%          5
 Anguish                  Hex/Necr       21%        N/A       10%         4
 Eringya's Noxious Bog    Tmut/Pois      31%        N/A       30%         6
 Spellforged Servitor     Conj/Summ      26%        N/A       99%         7
 Ozocubu's Refrigeration  Ice            12%        4d10      100%        7
 Summon Hydra             Summ           12%        N/A       100%        7
 Ignition                 Fire           12%        3d6       100%        8


Dungeon Overview and Level Annotations

Branches:
Dungeon (12/15)            Temple (1/1) D:7            Lair (0/5) D:10
    Orc (1/2) D:11          Sewer (visited)           IceCv (1/1)

Altars:
Ashenzari
Cheibriados
Dithmenos
Elyvilon
Fedhas
Gozag
Hepliaklqana
Kikubaaqudgha
Makhleb
Nemelex Xobeh
Okawaru
Ru
Sif Muna
Trog
Uskayaw
Vehumet
Wu Jian
Yredelemnul
Zin
The Shining One

Shops:
D:1 !   D:2 *(?

Annotations:
D:6 RepoMan's ghost, novice OgHu


Message History

You reflect the frost giant with the mirror!
The mirror clouds!
Your frost giant points at the rime drake and mumbles some strange words.
The bolt of cold hits the rime drake!!
The rime drake resists.
The rime drake is engulfed in freezing vapours.
The rime drake breathes ice at your frost giant.
The flash freeze hits your frost giant!
Your frost giant partially resists.
Your frost giant is flash-frozen.
Casting: Stone Arrow (safe; 1% risk of failure)
Confirm with . or Enter, or press ? or * to list all spells.
Aiming: Stone Arrow (safe; 1% risk of failure)
Press: ? - help, Shift-Dir - straight line, f/p - frost giant
Aim: a frost giant, wielding a +0 bardiche of freezing (water, 98% to hit)
The stone arrow hits the frost giant!!
The frost giant is lightly wounded.
Cheibriados thoroughly appreciates the change of pace.
You feel a bit more experienced.
Casting: Stone Arrow (safe; 1% risk of failure)
Confirm with . or Enter, or press ? or * to list all spells.
Aiming: Stone Arrow (safe; 1% risk of failure)
Press: ? - help, Shift-Dir - straight line, f/p - frost giant
Aim: a frost giant, wielding a +0 bardiche of freezing (lightly wounded, 98% to hit)
The stone arrow hits the frost giant!!
The frost giant is moderately wounded.
The frost giant casts a spell at you. The bolt of cold hits you!!
You feel better.
The frost giant gestures at you while chanting.
The bolt of cold hits you!!
* * * LOW HITPOINT WARNING * * *
Unknown command.
Okay, then.
As you read the scroll of fear, it crumbles to dust.
You assume a fearsome visage.
The frost giant easily resists.
Your frost giant points at the frost giant and mumbles some strange words.
The bolt of cold hits the frost giant.
The frost giant resists.
The frost giant gestures at you while chanting.
The bolt of cold hits you!!!
Ouch! That really hurt!
You die...

##..#.#
##..###
##...#
###.##
###.#.#
###....##
##...####
#.#.##
##@.##
#..##
#.C##
##C° #≈°≈
#≈k≈≈
##C≈≈#
≈≈## #.#


You could see a frost giant (ally target) and a friendly frost giant (summoned,
drained).

Vanquished Creatures
  3 boulder beetles (D:11)
  3 two-headed ogres
  A centaur warrior (D:9)
  3 death yaks (IceCv)
  A skeletal warrior (D:11)
  Pikel (D:7)
  A manticore (D:11)
  2 cyclopes (D:11)
  2 ugly things
  An ice statue (IceCv)
  Maggie (D:7)
  Joseph (D:10)
  4 rime drakes (IceCv)
  An unseen horror (D:8)
  2 ice devils (D:12)
  4 polar bears (IceCv)
  5 trolls
  A hornet (D:7)
  15 yaks
  3 vampires
  3 wraiths
  4 vampire mosquitoes (D:11)
  6 wargs
  5 acid dragons
  3 ice beasts
  The ghost of Ajdolov the Sneak, an amateur FeTm (D:4)
  4 orc warriors
  6 wolves (IceCv)
  A black bear (D:8)
  9 centaurs
  An ogre (Orc:1)
  A lemure (D:7)
  2 phantoms
  5 kobold brigands
  2 gnoll sergeants
  8 bullfrogs
  2 necrophages
  3 scorpions
  8 wights
  6 killer bees (D:10)
  2 howler monkeys
  A gnoll bouda (D:7)
  6 orc priests
  3 hounds
  An iron imp (D:7)
  Jessica (D:2)
  Ijyb (D:3)
  Natasha (thrice) (D:2)
  5 iguanas
  11 orc wizards
  A centaur simulacrum (D:4)
  A scorpion simulacrum (D:4)
  24 gnolls
  12 adders
  3 hound simulacra (D:4)
  7 river rats
  3 shadow imps
  3 white imps
  An ufetubus (D:5)
  6 worms
  An adder simulacrum (D:4)
  15 orcs
  7 ball pythons
  16 bats
  9 endoplasms
  A giant cockroach (D:2)
  8 goblins
  12 hobgoblins
  4 jackals
  28 kobolds
  2 quokkas
  6 frilled lizards
  11 rats
350 creatures vanquished.

Vanquished Creatures (collateral kills)
  A rime drake (IceCv)
  A hound (D:6)
  A jelly (D:6)
3 creatures vanquished.

Vanquished Creatures (others)
  An orc priest (D:10)
  7 withered plants (D:6)
8 creatures vanquished.

Grand Total: 361 creatures vanquished

Notes
Turn   | Place    | Note
-------+----------+-------------------------------------------
     0 | D:1      | Ijustatesigmund the Deep Elf Earth Elementalist began the
                  | quest for the Orb.
     0 | D:1      | Reached XP level 1. HP: 10/10 MP: 6/6
   126 | D:1      | Reached XP level 2. HP: 15/15 MP: 4/8
   307 | D:2      | Noticed Jessica
   543 | D:2      | Reached skill level 4 in Spellcasting
   626 | D:2      | Killed Jessica
   627 | D:2      | Reached XP level 3. HP: 19/19 MP: 6/10
   634 | D:2      | Learned a level 3 spell: Stone Arrow
   637 | D:2      | Learned a level 2 spell: Passwall
   649 | D:2      | Found Yssalo's Magic Scroll Emporium.
   649 | D:2      | Found Udwacud's Antique Weapon Boutique.
   861 | D:2      | Bought a scroll of identify for 24 gold pieces
   890 | D:1      | Reached XP level 4. HP: 24/24 MP: 9/12
   895 | D:1      | Reached skill level 1 in Conjurations
   982 | D:1      | Found a faded altar of an unknown god.
  1393 | D:1      | Found Odiwat's Distillery.
  1475 | D:2      | Found Otybeh's Assorted Antiques.
  1555 | D:2      | Reached skill level 5 in Spellcasting
  1804 | D:2      | Noticed Natasha
  1815 | D:2      | Killed Natasha
  1981 | D:2      | Reached XP level 5. HP: 28/28 MP: 12/14
  2446 | D:3      | Found a sparkling altar of Nemelex Xobeh.
  2446 | D:3      | Found a basalt altar of Yredelemnul.
  2657 | D:3      | Noticed Ijyb
  2669 | D:3      | Killed Ijyb
  3430 | D:3      | Reached skill level 6 in Spellcasting
  3877 | D:4      | Noticed a phantom
  3890 | D:4      | Killed a phantom
  3891 | D:4      | Reached XP level 6. HP: 21/32 MP: 11/17
  4313 | D:4      | Found a radiant altar of Vehumet.
  4380 | D:4      | Found a runed translucent gate.
  4381 | D:4      | Found a runed translucent gate.
  4382 | D:4      | Found a runed translucent gate.
  4452 | D:4      | Reached skill level 7 in Spellcasting
  4970 | D:4      | Reached XP level 7. HP: 36/36 MP: 10/20
  5071 | D:4      | Found a sacrificial altar of Ru.
  5256 | D:4      | Noticed Ajdolov's ghost (amateur FeTm)
  5338 | D:4      | Found a hide-covered altar of Uskayaw.
  5610 | D:2      | Bought a scroll labelled BOUMU GENNAKEM for 26 gold pieces
  5610 | D:2      | Bought a scroll labelled LOSHRA TOUTUN for 26 gold pieces
  5649 | D:2      | Noticed Natasha
  5652 | D:2      | Killed Natasha
  5661 | D:2      | Bought a fine dagger for 161 gold pieces
  5661 | D:2      | Identified the +10 dagger of Victory {antimagic, Dex+3}
                  | (You bought it in a shop on level 2 of the Dungeon)
  5690 | D:2      | Noticed Natasha
  5696 | D:2      | Killed Natasha
  5836 | D:4      | Reached skill level 5 in Conjurations
  5847 | D:4      | Reached skill level 1 in Fighting
  5847 | D:4      | Reached skill level 8 in Spellcasting
  5944 | D:4      | Killed Ajdolov's ghost
  5945 | D:4      | Reached skill level 5 in Earth Magic
  6200 | D:5      | Entered Level 5 of the Dungeon
  6282 | D:5      | Found a glowing drain.
  6287 | Sewer    | Entered a sewer
  6389 | Sewer    | Reached XP level 8. HP: 44/44 MP: 15/22
  6697 | Sewer    | Found a white marble altar of Elyvilon.
  6918 | D:5      | Found a white marble altar of Elyvilon.
  7261 | D:5      | Found a shimmering blue altar of Sif Muna.
  7719 | D:5      | Got the Spellbook of Assistive Fascination
  8011 | D:6      | Found a runed translucent door.
  8013 | D:6      | Noticed RepoMan's ghost (novice OgHu)
  8070 | D:6      | Reached skill level 9 in Spellcasting
  8412 | D:6      | Found a blossoming altar of Fedhas.
  8414 | D:6      | Found an ancient bone altar of Kikubaaqudgha.
  8586 | D:7      | Noticed Maggie
  8598 | D:7      | Killed Maggie
  8599 | D:7      | Reached XP level 9. HP: 51/51 MP: 8/24
  8831 | D:7      | Noticed Pikel
  8839 | D:7      | Killed Pikel
  8840 | D:7      | Reached skill level 10 in Spellcasting
  8929 | D:7      | Noticed a two-headed ogre
  8941 | D:7      | Killed a two-headed ogre
  9472 | D:7      | Found a staircase to the Ecumenical Temple.
  9509 | Temple   | Entered the Ecumenical Temple
  9908 | D:7      | Found a snail-covered altar of Cheibriados.
 10028 | D:7      | Became a worshipper of Cheibriados the Contemplative
 10214 | D:7      | Reached XP level 10. HP: 52/58 MP: 16/26
 10220 | D:7      | Reached skill level 11 in Spellcasting
 10330 | D:7      | Reached skill level 1 in Invocations
 10382 | D:7      | Learned a level 1 spell: Apportation
 10960 | D:8      | Found an ornate altar of the Wu Jian Council.
 10992 | D:8      | Reached skill level 1 in Translocations
 11349 | D:6      | Reached * piety under Cheibriados
 11952 | D:9      | Noticed a cyan ugly thing
 11952 | D:9      | Found a glowing silver altar of Zin.
 12215 | D:8      | Reached skill level 5 in Stealth
 12482 | D:9      | Noticed a two-headed ogre
 13019 | D:8      | Reached skill level 1 in Armour
 13019 | D:8      | Reached skill level 1 in Shields
 13173 | D:9      | Learned a level 4 spell: Olgreb's Toxic Radiance
 13336 | D:9      | Found a broken altar of Ashenzari.
 13549 | D:9      | Killed a cyan ugly thing
 13550 | D:9      | Reached skill level 1 in Poison Magic
 13717 | D:9      | Found a burning altar of Makhleb.
 13717 | D:9      | Noticed a green death
 13836 | D:9      | Noticed a centaur warrior
 13838 | D:9      | Found an ornate altar of the Wu Jian Council.
 13841 | D:9      | Killed a centaur warrior
 13842 | D:9      | Reached skill level 12 in Spellcasting
 13914 | D:10     | Entered Level 10 of the Dungeon
 13933 | D:10     | Reached ** piety under Cheibriados
 14078 | D:10     | Identified the +1 rapier of Chance {freeze, *Rage rPois rC+
                  | Str+2}
 14116 | D:10     | Noticed Joseph
 14122 | D:10     | Killed Joseph
 14123 | D:10     | Reached XP level 11. HP: 41/62 MP: 20/29
 14352 | D:10     | Found a staircase to the Lair.
 15128 | D:10     | Noticed a two-headed ogre
 15138 | D:10     | Killed a two-headed ogre
 15139 | D:10     | Reached skill level 5 in Invocations
 15435 | D:10     | Reached *** piety under Cheibriados
 15728 | D:11     | Noticed a boulder beetle
 15754 | D:11     | Killed a boulder beetle
 15755 | D:11     | Reached skill level 5 in Poison Magic
 15795 | D:11     | Noticed a two-headed ogre
 15801 | D:11     | Killed a two-headed ogre
 16047 | D:11     | Found a staircase to the Orcish Mines.
 16168 | Orc:1    | Entered Level 1 of the Orcish Mines
 16479 | D:11     | Noticed a skeletal warrior
 16480 | D:11     | Noticed a boulder beetle
 16850 | D:11     | Learned a level 4 spell: Petrify
 16898 | D:11     | Reached **** piety under Cheibriados
 17014 | D:11     | Noticed a boulder beetle
 17026 | D:11     | Killed a boulder beetle
 17581 | D:11     | Killed a skeletal warrior
 17959 | D:11     | Learned a level 5 spell: Borgnjor's Vile Clutch
 17969 | D:11     | Killed a boulder beetle
 17970 | D:11     | Reached skill level 1 in Necromancy
 17970 | D:11     | Reached XP level 12. HP: 67/67 MP: 14/30
 18020 | D:11     | Reached skill level 13 in Spellcasting
 18423 | D:11     | Identified the +8 trident of Prudence {freeze, Will+
                  | Stlth+}
 18727 | D:12     | Noticed a five-headed hydra
 18776 | D:12     | Reached skill level 1 in Short Blades
 18785 | D:12     | Found a frozen archway.
 18847 | IceCv    | Entered an ice cave
 19107 | IceCv    | Noticed a death yak
 19110 | IceCv    | Killed a death yak
 19111 | IceCv    | Reached skill level 5 in Transmutations
 19533 | IceCv    | Noticed a death yak
 19541 | IceCv    | Noticed a death yak
 19547 | IceCv    | Noticed a death yak
 19549 | IceCv    | Noticed a death yak
 19552 | IceCv    | Killed a death yak
 19554 | IceCv    | Noticed a death yak
 19554 | IceCv    | Noticed a frost giant
 19854 | IceCv    | Noticed a death yak
 19859 | IceCv    | Killed a death yak
 20087 | IceCv    | Killed from afar by a frost giant

Illustrated notes

Levels and vault maps discovered:
D:1:      heliophobic_arrival_glass_houses, layout_basic,
          dreamdust_ecumenical_altar_statues, serial_shops, shop, st_stairs_13,
          minmay_vboxes
D:2:      layout_loops_ring, serial_shops, shop, shop_coins,
          nicolae_shop_statue_plus, uniq_natasha, uniq_jessica
D:3:      layout_basic, gammafunk_temple_overflow_elements, uniq_ijyb
D:4:      layout_basic, mainiacjoe_overflow_surrounded_room,
          nicolae_overflow_hidden_temple, gammafunk_ghost_icy, serial_glass,
          glass_columns_b, glass_columns_b, glass_columns_b, glass_columns_b,
          glass_columns_c, glass_columns_a, glass_columns_a, glass_columns_a
D:5:      layout_basic, mainiacjoe_overflow_six_doors_small,
          mainiacjoe_overflow_small_starburst, lightli_sewer_entry_pipes,
          bh_walls_and_bars
D:6:      layout_basic, grunt_temple_overflow_growth_and_decay,
          ebering_ghost_sewer_d
D:7:      layout_basic, slow_altar_2, minmay_temple_entry_arrows, uniq_maggie,
          uniq_pikel
D:8:      layout_gridville, nicolae_wu_jian_glorious_leap
D:9:      layout_cave_pools, makhleb_altar_promises_db, ashenzari_altar_1,
          kennysheep_flooded_box, hangedman_feature_mirror
D:10:     layout_layer_cave, erik_lair_orcish_takeover, uniq_joseph
D:11:     layout_basic, david_orc_3, minmay_bent
D:12:     minmay_thinvault, layout_grid_maze, portal_ice_cave_demonic_guard
Temple:   hellmonk_temple_two_chambers
Orc:1:    layout_caves
IceCv:    ice_cave_small_giant

Skill      XL: |  1  2  3  4  5  6  7  8  9 10 11 12 |
---------------+-------------------------------------+-----
Spellcasting   | 4 5 6 7 8 9 10 12 13 | 13.8
Earth Magic    | 4 5 6 7 |  7.8
Conjurations   | 2 3 4 5 6 8 |  8.2
Fighting       | 1 3 4 |  4.4
Stealth        | 3 5 6 |  6.9
Dodging        | 3 4 |  4.8
Invocations    | 4 8 9 |  9.6
Translocations | 3 |  3.1
Armour         | 2 |  2.5
Shields        | 2 |  2.5
Poison Magic   | 2 6 |  6.7
Transmutations | 3 5 |  5.7
Necromancy     | 1 4 |  4.7
Short Blades   | 3 |  3.2

Action                   |  1- 3 |  4- 6 |  7- 9 | 10-12 || total
-------------------------+-------+-------+-------+-------++-------
Melee: Unarmed           |     7 |       |       |       ||     7
       Short sword       |       |     7 |     2 |   118 ||   127
       Dagger            |       |     3 |       |       ||     3
       Rapier            |       |    37 |    34 |       ||    71
 Cast: Sandblast         |    27 |    70 |    10 |    14 ||   121
       Stone Arrow       |       |    32 |   130 |   278 ||   440
       Passwall          |       |       |     2 |     6 ||     8
       Olgreb's Toxic Ra |       |       |       |    27 ||    27
       Petrify           |       |       |       |     1 ||     1
Invok: Bend Time         |       |       |       |     2 ||     2
       Slouch            |       |       |       |     2 ||     2
       Temporal Distorti |       |       |       |     1 ||     1
Evoke: Wand              |       |       |     8 |     8 ||    16
       Phantom mirror    |       |       |       |     2 ||     2
  Use: Scroll            |     2 |     6 |     9 |    13 ||    30
       Potion            |     1 |       |     1 |     7 ||     9
 Stab: Sleeping          |       |     3 |     1 |     5 ||     9
       Distracted        |       |       |     1 |       ||     1
Armor: Robe              |     4 |    17 |    18 |    10 ||    49
       Acid dragon scale |       |       |       |    99 ||    99
       Troll leather arm |       |       |       |    13 ||    13
Dodge: Dodged            |    12 |    50 |    55 |   139 ||   256
Block: Other             |     1 |    14 |    16 |       ||    31
       Reflection        |       |       |     2 |    14 ||    16
       Buckler           |       |       |       |   163 ||   163

Table legend: (Time is in decaauts)
 A = Elapsed time spent in this place.
 B = Non-inter-level travel time spent in this place.
 C = Inter-level travel time spent in this place.
 D = Time resting spent in this place.
 E = Time spent auto-exploring this place.
 F = Levels seen in this place.
 G = Mean time per level.
                   A        B        C        D        E       F      G
               +--------+--------+--------+--------+--------+-----+--------+
         Total |  22010 |  21168 |    842 |   7137 |  11123 |  16 | 1375.6 |
       Dungeon |  19688 |  18864 |    824 |   6008 |  10239 |  12 | 1640.7 |
        Temple |    166 |    166 |      0 |      0 |    157 |   1 |  166.0 |
  Orcish Mines |    272 |    254 |     18 |      0 |    223 |   1 |  272.0 |
         Sewer |    483 |    483 |      0 |    275 |    131 |   1 |  483.0 |
      Ice Cave |   1398 |   1398 |      0 |    854 |    371 |   1 | 1398.0 |
               +--------+--------+--------+--------+--------+-----+--------+

Top non-repeatable levels by time:
    D:11: 3012 daAuts
    D:10: 2439 daAuts
     D:4: 2123 daAuts
     D:8: 1992 daAuts
     D:3: 1775 daAuts
     D:7: 1755 daAuts
     D:2: 1497 daAuts
     D:6: 1452 daAuts
     D:5: 1450 daAuts
   IceCv: 1398 daAuts
     D:9: 1116 daAuts
     D:1: 910 daAuts
   Sewer: 483 daAuts
   Orc:1: 272 daAuts
  Temple: 166 daAuts
